 Dungeon Crawl Stone Soup version 0.31.0 (webtiles) character file.

Game seed: 1958528523586220197

989 qw the Skirmisher (level 8, 0/51 HPs)
             Began as a Gargoyle Hunter on Jan 19, 2024.
             Was an Initiate of Okawaru.
             Slain by a phantom (4 damage)
             ... on level 5 of the Dungeon.
             The game lasted 00:00:20 (3996 turns).

qw the Skirmisher (Gargoyle Hunter)                 Turns: 3996, Time: 00:00:20

Health: 0/51       AC: 12    Str: 11    XL:     8   Next: 18%
Magic:  8/8        EV: 10    Int: 10    God:    Okawaru [......]
Gold:   334        SH:  5    Dex: 15    Spells: 7/7 levels left

rFire   . . .        a - +1 shortbow
rCold   + . .        (shield currently unavailable)
rNeg    + . .        f - +0 ring mail
rPois   inf          (no helmet)
rElec   +            g - +0 cloak
rCorr   .            (no gloves)
SInv    .            (no boots)
Will    .....        k - amulet "Yresmom" {Reflect +Inv rPois rC+ Str-4 SH+5}
Stlth   +            (no ring)
HPRegen 0.28/turn    (no ring)
MPRegen 0.11/turn

%: reflection
@: about to teleport
A: sickness immunity, AC +5, negative energy resistance 1, electricity
resistance, torment resistance 1, petrification resistance
a: Renounce Religion, Evoke Invisibility


You were on level 5 of the Dungeon.
You worshipped Okawaru.
Okawaru was noncommittal.
You visited 2 branches of the dungeon, and saw 6 of its levels.

You collected 334 gold pieces.


Innate Abilities, Weirdness & Mutations

You are immune to sickness and miasma.
Your stone body is resilient. (AC +5)
You are immune to poison.
You resist negative energy. (rN+)
You are resistant to electric shocks. (rElec)
You are resistant to unholy torment.
You are immune to petrification.


   Skills:
 - Level 6.0 Fighting
 + Level 8.3 Ranged Weapons
 - Level 2.4 Armour
 - Level 1.5 Dodging
 - Level 1.1 Stealth


You had 7 spell levels left.
You didn't know any spells.
Your spell library was empty.

Inventory:

Hand Weapons
 a - a +1 shortbow (weapon)
Armour
 f - a +0 ring mail (worn)
 g - a +0 cloak (worn)
Jewellery
 j - a ring of ice
 k - the amulet "Yresmom" (around neck) {Reflect +Inv rPois rC+ Str-4 SH+5}
   (You found it on level 3 of the Dungeon)

   [amulet of reflection]

   Reflect:   It reflects blocked missile attacks.
   Str-4:     It affects your strength (-4).
   rC+:       It protects you from cold.
   rPois:     It protects you from poison +Inv: It lets you turn invisible.
   SH+5:      It affects your SH (+5).
Scrolls
 e - a scroll of identify
Potions
 c - a potion of might
 d - 2 potions of curing
 h - 2 potions of resistance
 i - 2 potions of heal wounds

Dungeon Overview and Level Annotations

Branches:
Dungeon (5/15)             Temple (1/1) D:5

Altars:
Ashenzari
Dithmenos
Elyvilon
Fedhas
Gozag
Hepliaklqana
Makhleb
Nemelex Xobeh
Okawaru
Qazlal
Ru
Uskayaw
Vehumet
Wu Jian
Xom
Yredelemnul
The Shining One


Message History

The phantom hits you.
You shoot an arrow. The arrow hits the phantom.
The phantom is lightly damaged.
The phantom closely misses you.
You shoot an arrow. The arrow hits the phantom.
The phantom is moderately damaged.
The phantom hits you.
The phantom blinks!
You blink.
An orc priest comes into view. It is wielding a +0 flail.
You shoot an arrow. The arrow hits the phantom!
The phantom is heavily damaged.
The phantom hits you.
The phantom blinks!
You blink.
The phantom misses you.
You shoot an arrow. The arrow hits the phantom!
The phantom is severely damaged.
The phantom hits you.
The phantom blinks!
You blink.
An orc and an orc wizard come into view.
The orc is wielding a +2 short sword of distortion.
You shoot an arrow. The arrow barely misses the phantom.
The arrow hits the orc priest.
The orc priest is moderately wounded.
The orc wizard shouts!
You block the phantom's attack.
The orc priest mumbles some strange prayers to Beogh against you.
Beogh smites you!
You shoot an arrow. The arrow barely misses the phantom.
The arrow barely misses the orc priest.
The arrow hits the orc.
The orc is lightly wounded.
The phantom closely misses you.
An orc priest comes into view. It is wielding a +0 morningstar.
You shoot an arrow. The arrow closely misses the phantom.
The arrow hits the orc priest.
The orc priest is heavily wounded.
The phantom hits you.
The phantom blinks!
You blink.
The orc priest hits you with a +0 morningstar.
The orc hits you with a +2 short sword of distortion.
Space warps horribly around you!!
3996 ||| READING scroll of teleportation.
As you read the scroll of teleportation, it crumbles to dust.
You feel strangely unstable. The phantom hits you.
You die...

#.##.#.. #...#
#.###.8.
#...########.# ##..
#...#........#####.
#...########....###
#...# #.##....
#...# #.######
#.Wo########.#
#.@ooo.ยค.....#
##############


You could see a phantom, 2 orc priests, an orc wizard and an orc.

Vanquished Creatures
  Prince Ribbit (D:5)
  Sigmund (D:4)
  Edmund (D:4)
  2 phantoms (D:5)
  2 scorpions
  A bombardier beetle (D:4)
  2 hounds
  An iguana (D:5)
  A gnoll (D:1)
  4 adders
  2 dart slugs
  2 ribbon worms
  2 orcs
  7 ball pythons
  2 bats
  8 endoplasms
  2 giant cockroaches (D:2)
  4 goblins
  5 hobgoblins
  19 jackals
  4 quokkas
  6 frilled lizards
  4 kobolds
  8 rats
91 creatures vanquished.

Notes
Turn   | Place    | Note
-------+----------+-------------------------------------------
     0 | D:1      | qw the Gargoyle Hunter began the quest for the Orb.
     0 | D:1      | Reached XP level 1. HP: 12/12 MP: 1/1
     0 | D:1      | 0 ||| qw: Version: 0.3-a-132-g3d54051
     0 | D:1      | 0 ||| qw: Game counter: 67
     0 | D:1      | 0 ||| qw: Melee chars always use a shield: true
     0 | D:1      | 0 ||| qw: God list: Okawaru
     0 | D:1      | 0 ||| qw: Allow faded altars: false
     0 | D:1      | 0 ||| qw: Do Orc after clearing Dungeon:15 true
     0 | D:1      | 0 ||| qw: Do second Lair branch before Depths: true
     0 | D:1      | 0 ||| qw: Lair rune preference: random
     0 | D:1      | 0 ||| qw: Goals: Normal
     0 | D:1      | 0 ||| PLANNING D:1-11
    63 | D:1      | HP: 3/12 [gnoll/+0 whip (3)]
    66 | D:1      | Reached XP level 2. HP: 6/17 MP: 2/2
   295 | D:1      | Reached XP level 3. HP: 15/21 MP: 3/3
   345 | D:1      | 345 ||| UPGRADING to +0 ring mail.
   368 | D:1      | 368 ||| DROPPING +0 leather armour.
   369 | D:1      | 369 ||| UPGRADING to +0 cloak.
   622 | D:1      | Reached skill level 1 in Armour
   651 | D:1      | Reached skill level 5 in Ranged Weapons
   780 | D:1      | 780 ||| READING scroll labelled GYECOS NYCHAA.
   781 | D:1      | 781 ||| READING scroll labelled DEIKLI SOOFAA.
   782 | D:1      | 782 ||| READING scroll labelled BARINA MUPAKEYNEUN.
   786 | D:1      | 786 ||| DRINKING 2 gluggy blue potions.
   787 | D:1      | 787 ||| DROPPING scroll of butterflies.
  1235 | D:2      | Reached skill level 3 in Fighting
  1235 | D:2      | Reached XP level 4. HP: 28/28 MP: 4/4
  1459 | D:2      | HP: 7/28 [ribbon worm (4)]
  1460 | D:2      | 1460 ||| READING scroll of teleportation.
  1464 | D:2      | 1464 ||| FLEEEEING.
  1559 | D:2      | Found a faded altar of an unknown god.
  1821 | D:2      | 1821 ||| READING 3 scrolls labelled SARGHU ISUXENOP.
  1821 | D:2      | 1821 ||| IDENTIFYING bubbling sapphire potion
  1822 | D:2      | 1822 ||| READING 2 scrolls of identify.
  1822 | D:2      | 1822 ||| IDENTIFYING sedimented purple potion
  1823 | D:2      | 1823 ||| READING scroll of identify.
  1823 | D:2      | 1823 ||| IDENTIFYING glowing golden potion
  1824 | D:2      | 1824 ||| READING scroll labelled PUILIW LOXEKU.
  1825 | D:2      | 1825 ||| READING scroll labelled FURO URHOUBOLUZAODD.
  1826 | D:2      | 1826 ||| DRINKING 2 green potions.
  1827 | D:2      | 1827 ||| DROPPING potion of degeneration.
  1828 | D:2      | 1828 ||| DROPPING potion of ambrosia.
  1829 | D:2      | 1829 ||| DROPPING potion of attraction.
  2037 | D:3      | Found a shadowy altar of Dithmenos.
  2126 | D:3      | 2126 ||| FLEEEEING.
  2706 | D:3      | Identified the amulet "Yresmom" {Reflect +Inv rPois rC+
                  | Str-4 SH+5}
  2715 | D:3      | 2715 ||| UPGRADING to amulet "Yresmom" {Reflect +Inv rPois
                  | rC+ Str-4 SH+5}.
  2720 | D:3      | 2720 ||| READING 3 scrolls of identify.
  2720 | D:3      | 2720 ||| IDENTIFYING bubbling green potion
  2721 | D:3      | 2721 ||| READING 2 scrolls of identify.
  2721 | D:3      | 2721 ||| IDENTIFYING smoky puce potion
  2722 | D:3      | 2722 ||| READING scroll of identify.
  2722 | D:3      | 2722 ||| IDENTIFYING pink potion
  2723 | D:3      | 2723 ||| READING scroll labelled QATEAS JUCENO.
  2723 | D:3      | 2723 ||| ENCHANTING +0 shortbow.
  2724 | D:3      | 2724 ||| DROPPING potion of invisibility.
  2725 | D:3      | 2725 ||| DROPPING potion of brilliance.
  2749 | D:4      | Reached XP level 5. HP: 32/32 MP: 5/5
  2827 | D:4      | Reached skill level 6 in Ranged Weapons
  2827 | D:4      | 2827 ||| FLEEEEING.
  2828 | D:4      | 2828 ||| FLEEEEING.
  2837 | D:4      | 2837 ||| FLEEEEING.
  2838 | D:4      | 2838 ||| FLEEEEING.
  2839 | D:4      | 2839 ||| FLEEEEING.
  2840 | D:4      | 2840 ||| FLEEEEING.
  2841 | D:4      | 2841 ||| STAIRDANCE
  2862 | D:4      | 2862 ||| STAIRDANCE
  2946 | D:4      | Reached XP level 6. HP: 38/38 MP: 6/6
  3017 | D:4      | Noticed Edmund
  3037 | D:4      | Killed Edmund
  3038 | D:4      | 3038 ||| FLEEEEING.
  3187 | D:4      | Reached skill level 7 in Ranged Weapons
  3198 | D:4      | Found a white marble altar of Elyvilon.
  3208 | D:4      | Noticed Sigmund
  3214 | D:4      | Killed Sigmund
  3215 | D:4      | Reached XP level 7. HP: 33/43 MP: 7/7
  3215 | D:4      | 3215 ||| FLEEEEING.
  3340 | D:4      | 3340 ||| DROPPING scarf of invisibility.
  3361 | D:5      | Entered Level 5 of the Dungeon
  3381 | D:5      | Reached skill level 8 in Ranged Weapons
  3436 | D:5      | 3436 ||| FLEEEEING.
  3518 | D:5      | Noticed Prince Ribbit
  3519 | D:5      | 3519 ||| RETREEEEATING.
  3520 | D:5      | 3520 ||| RETREEEEATING.
  3523 | D:5      | 3523 ||| RETREEEEATING.
  3523 | D:5      | Found a staircase to the Ecumenical Temple.
  3524 | D:5      | 3524 ||| PLANNING TEMPLE
  3548 | D:5      | 3548 ||| FLEEEEING.
  3558 | D:5      | Killed Prince Ribbit
  3559 | D:5      | Reached skill level 6 in Fighting
  3559 | D:5      | Reached XP level 8. HP: 19/51 MP: 8/8
  3673 | D:5      | 3673 ||| READING scroll of identify.
  3673 | D:5      | 3673 ||| IDENTIFYING 2 glowing orange potions
  3689 | Temple   | Entered the Ecumenical Temple
  3690 | Temple   | 3690 ||| PLANNING OKAWARU WORSHIP
  3701 | Temple   | Became a worshipper of Warmaster Okawaru
  3702 | Temple   | 3702 ||| PLANNING D:1-11
  3893 | D:5      | 3893 ||| FLEEEEING.
  3995 | D:5      | HP: 4/51 [orc/+2 short sword of distortion (21)]
  3996 | D:5      | 3996 ||| READING scroll of teleportation.
  3996 | D:5      | Slain by a phantom

Levels and vault maps discovered:
D:1:      dpeg_arrival_round_b, layout_rooms, serial_bayou, serial_bayou_pond_e,
          serial_bayou_shore_b, serial_bayou_ford_a, serial_bayou_lagoon_a,
          kennysheep_flooded_box, nrook_campfire, nicolae_figureground_sparkle
D:2:      layout_basic, hellmonk_ecumenical_altar_zigzags, minivault_5
D:3:      layout_loops_corners, mainiacjoe_overflow_catwalk, nicolae_the_louvre
D:4:      layout_cave_pools, elyvilon_altar_5, chequers_garden,
          minmay_misc_feat_four_crosses, uniq_edmund, uniq_sigmund
D:5:      layout_basic, temple_fountains, serial_co_window_serial,
          co_window_paths_a, co_window_paths_b, co_window_paths_b,
          co_window_of_opportunity_a, co_window_corner_a, co_window_corner_b,
          co_window_broadway_c, co_window_2corner, co_window_corner_ca,
          glass_columns_b, glass_columns_a, minmay_misc_feat_ornament,
          dk_noncrumbling_3, hex_tiny, uniq_prince_ribbit1
Temple:   eino_wide_crystal_templ

Skill      XL: |  1  2  3  4  5  6  7 |
---------------+----------------------+-----
Armour         | 1 2 |  2.4
Ranged Weapons | 5 6 7 8 |  8.3
Fighting       | 3 4 6 |  6.0
Dodging        | |  1.5
Stealth        | |  1.1

Action                     |  1- 3 |  4- 6 |  7- 9 || total
---------------------------+-------+-------+-------++-------
   Fire: Shortbow          |   126 |   151 |    86 ||   363
    Use: Scroll            |     3 |    10 |     2 ||    15
         Potion            |     1 |     1 |       ||     2
 Armour: Leather armour    |    18 |       |       ||    18
         Ring mail         |    39 |    55 |    42 ||   136
         Skin              |     3 |       |       ||     3
  Dodge: Dodged            |    52 |    44 |    22 ||   118
  Block: Other             |       |     8 |     8 ||    16

Table legend:
 A = Non-vault XP
 B = Vault XP
 C = Vault XP percentage of total XP
 D = Non-vault monster count
 E = Vault monster count
 F = Vault count percentage of total count
                 A         B        C        D         E       F
            +---------+---------+-------+---------+---------+-------
      Total |     751 |     663 |  46.9 |      88 |       3 |   3.3
            +---------+---------+-------+---------+---------+-------
        D:1 |      55 |       0 |   0.0 |      25 |       0 |   0.0
        D:2 |      47 |       0 |   0.0 |      17 |       0 |   0.0
        D:3 |      31 |       0 |   0.0 |      19 |       0 |   0.0
        D:4 |     227 |     380 |  62.6 |      19 |       2 |   9.5
        D:5 |     391 |     283 |  42.0 |       8 |       1 |  11.1
            +---------+---------+-------+---------+---------+-------
